 Dungeon Crawl Stone Soup version 0.30-a0-694-g3340775977 (webtiles) character file.

Game seed: 14175221546880867665

130235 Rrauwl the Warrior (level 17, -3/128 (134) HPs)
             Began as a Gargoyle Fighter on Jan 20, 2023.
             Was the Champion of Ru.
             Shot with an arrow by a deep elf archer (10 damage)
             ... on level 1 of the Elven Halls.
             The game lasted 01:46:29 (28069 turns).

Rrauwl the Warrior (Gargoyle Fighter)              Turns: 28069, Time: 01:46:30

HP:   -3/128 (134)  AC: 41    Str: 33    XL:     17   Next: 7%
MP:   0/26          EV:  5    Int: 15    God:    Ru [******]
Gold: 1254          SH: 19    Dex: 13    Spells: 8/16 levels left

rFire   . . .      SeeInvis +    d - +9 flail (protect)
rCold   . . .      Faith    .    M - +0 tower shield
rNeg    + + +      Spirit   +    m - +5 plate armour of the Guild-Master {+Blink rN+ Int+6}
rPois   ∞          Reflect  .    F - +0 helmet
rElec   +          Harm     .    z - +0 cloak
rCorr   +          Rampage  .    R - +3 pair of gauntlets of War {Slay+5}
Will    +....                    N - +0 pair of boots of Gus Hiokke {Str+7 Dex+2 SInv} Stlth
                                 k - amulet of guardian spirit
HPRegen 0.41/turn                h - ring of see invisible
MPRegen 0.20/turn                D - ring of the Pariah {rElec rN+ rCorr MP+9 Stlth-}

@: exhausted, under a protective aura, flying, lightly drained
A: sickness immunity, AC +12, big wings, negative energy resistance 1,
electricity resistance, torment resistance 1, petrification resistance, no
stealth, inability to use devices, inability to train dodging, inability to
train armour, robust 1
a: Renounce Religion, Draw Out Power, Power Leap, Apocalypse


You were on level 1 of the Elven Halls.
You worshipped Ru.
Ru was exalted by your worship.
You visited 6 branches of the dungeon, and saw 25 of its levels.
You visited the Abyss 1 time.

You collected 2229 gold pieces.
You spent 975 gold pieces at shops.

Inventory:

Hand Weapons
 b - a +2 sling of freezing
 d - a +9 flail of protection (weapon)
 Q - a +1 morningstar of freezing
Missiles
 I - a throwing net
Armour
 m - the +5 plate armour of the Guild-Master (worn) {+Blink rN+ Int+6}
   (You took it off an orc warrior on level 9 of the Dungeon)

   Int:       It affects your intelligence (+6).
   rN:        It protects you from negative energy.
   +Blink:    It lets you blink.
 z - a +0 cloak (worn)
 F - a +0 helmet (worn)
 M - a +0 tower shield (worn)
 N - the +0 pair of boots of Gus Hiokke (worn) {Str+7 Dex+2 SInv}
   (You found it on level 14 of the Dungeon)

   Str:       It affects your strength (+7).
   Dex:       It affects your dexterity (+2).
   SInv:      It lets you see invisible.
 R - the +3 pair of gauntlets of War (worn) {Slay+5}
   (You bought it in a shop on level 2 of the Orcish Mines)

   Slay:      It affects your accuracy & damage with ranged weapons and melee
   (+5).
Jewellery
 h - a ring of see invisible (left hand)
 i - a ring of protection from fire
 k - an amulet of guardian spirit (around neck)
 o - a ring of protection from cold
 r - the dreamshard necklace {*Dream Drain}
   (You found it on level 4 of the Lair of Beasts)

   [amulet of nothing]

   *Dream:    It shatters if its wearer takes lethal or near-lethal damage,
   preventing the blow and releasing protective dreams that heal and fight for
   the wearer.
   Drain:     It drains your maximum health when unequipped.
 t - a ring of protection from cold
 D - the ring of the Pariah (right hand) {rElec rN+ rCorr MP+9 Stlth-}
   (You acquired it on level 7 of the Dungeon)

   [ring of magical power]

   rElec:     It insulates you from electricity.
   rN:        It protects you from negative energy.
   MP:        It affects your magic capacity (+9).
   rCorr:     It protects you from acid and corrosion.
   Stlth:     It makes you less stealthy.
Scrolls
 c - 5 scrolls of blinking
 f - 8 scrolls of identify
 g - a scroll of torment
 j - 3 scrolls of fear
 q - 8 scrolls of fog
 s - 3 scrolls of silence
 w - a scroll of poison
 x - 2 scrolls of enchant armour
 y - 6 scrolls of teleportation
 E - a scroll of butterflies
 G - 2 scrolls of brand weapon
 P - a scroll of amnesia
Potions
 a - 2 potions of mutation
 e - 2 potions of haste
 l - 8 potions of curing
 n - a potion of resistance
 u - 6 potions of ambrosia
 v - a potion of lignification
 A - a potion of berserk rage
 H - a potion of might
 J - a potion of heal wounds
 K - 3 potions of attraction


   Skills:
 - Level 19.0 Fighting
 - Level 14.0 Maces & Flails
 - Level 14.0 Ranged Weapons
 + Level 16.2 Shields


You had 8 spell levels left.
You knew the following spells:

 Your Spells              Type           Power      Damage    Failure   Level
a - Passwall              Tmut/Erth      0%         N/A       100%        2
b - Swiftness             Air            0%         N/A       100%        3
c - Teleport Other        Tloc           0%         N/A       100%        3

Your spell library contained the following spells:

 Spells                   Type           Power      Damage    Failure   Level
 Magic Dart               Conj           0%         1d3       100%        1
 Necrotise                Necr           0%         1d4       100%        1
 Sandblast                Erth           0%         2d4       100%        1
 Ensorcelled Hibernation  Hex/Ice        0%         N/A       100%        2
 Scorch                   Fire           0%         2d5       100%        2
 Searing Ray              Conj           0%         2d4       100%        2
 Dazzling Flash           Conj/Hex       0%         N/A       100%        3
 Gell's Gravitas          Tloc           0%         N/A       100%        3
 Hailstorm                Conj/Ice       0%         3d3       100%        3
 Portal Projectile        Hex/Tloc       0%         N/A       100%        3
 Spider Form              Tmut/Pois      0%         N/A       100%        3
 Stone Arrow              Conj/Erth      0%         3d7       100%        3
 Tukima's Dance           Hex            0%         N/A       100%        3
 Vampiric Draining        Necr           0%         2d6       100%        3
 Anguish                  Hex/Necr       0%         N/A       100%        4
 Cause Fear               Hex            0%         N/A       100%        4
 Flame Wave               Conj/Fire      0%         2d4       100%        4
 Fulminant Prism          Conj/Hex       0%         3d5       100%        4
 Ice Form                 Ice/Tmut       0%         N/A       100%        4
 Leda's Liquefaction      Hex/Erth       0%         N/A       100%        4
 Olgreb's Toxic Radiance  Pois           0%         N/A       100%        4
 Agony                    Necr           0%         N/A       100%        5
 Blade Hands              Tmut           0%         N/A       100%        5
 Lee's Rapid Deconstruct  Erth           0%         3d4*      100%        5
 Silence                  Hex/Air        0%         N/A       100%        5
 Summon Forest            Summ/Tloc      0%         N/A       100%        5
 Dispersal                Tloc           0%         N/A       100%        6
 Eringya's Noxious Bog    Tmut/Pois      0%         N/A       100%        6
 Simulacrum               Ice/Necr       0%         N/A       100%        6
 Summon Cactus Giant      Summ           0%         N/A       100%        6
 Dragon Form              Tmut           0%         N/A       100%        7
 Ozocubu's Refrigeration  Ice            0%         4d7       100%        7
 Summon Hydra             Summ           0%         N/A       100%        7
 Ignition                 Fire           0%         3d3       100%        8
 Dragon's Call            Summ           0%         N/A       100%        9
 Statue Form              Tmut/Erth      Unusable   N/A       N/A         6

Dungeon Overview and Level Annotations

Branches:
Dungeon (15/15)            Temple (1/1) D:6            Lair (5/5) D:8
  Swamp (0/4) Lair:3        Snake (1/4) Lair:2        Slime (0/5) Lair:4
    Orc (2/2) D:10            Elf (1/3) Orc:2        Vaults (0/5) D:14
 Depths (0/4) D:15

Altars:
Ashenzari
Cheibriados
Dithmenos
Elyvilon
Fedhas
Gozag
Hepliaklqana
Kikubaaqudgha
Makhleb
Nemelex Xobeh
Okawaru
Qazlal
Ru
Sif Muna
Trog
Uskayaw
Vehumet
Wu Jian
Xom
Yredelemnul
Zin
The Shining One
Jiyva

Shops:
D:1 ((   D:7 =?([=   D:9 =   D:13 [   Orc:1 ?   Orc:2 (:[*

Portals:
Trove: D:15 (give +8 demon blade)

Annotations:
D:14 3 runed translucent doors, Fiank's ghost, journeyman DsBe
Snake:1 Donald


Innate Abilities, Weirdness & Mutations

You are immune to sickness and miasma.
Your stone body is resilient. (AC +12)
You are immune to poison.
Your large and strong wings let you fly.
You resist negative energy. (rN+)
You are resistant to electric shocks. (rElec)
You are resistant to unholy torment.
You are immune to petrification.
You cannot be stealthy.
You cannot study or use magical devices.
You cannot train Dodging skill.
You cannot train Armour skill.
You are robust. (+10% HP)


Message History

The deep elf archer gestures wildly while chanting.
The deep elf archer blinks!
You are too confused!
You feel better.
The deep elf knight points at you and mumbles some strange words.
You block the lance of force.
The deep elf pyromancer begins to cast a spell, but is stunned by your conviction!
You block the deep elf high priest's attack.
The deep elf high priest begins to pray, but is stunned by your conviction!
The deep elf archer shoots an arrow.
The arrow hits you!
* * * LOW HITPOINT WARNING * * *
The deep elf knight begins to cast a spell, but is stunned by your conviction!
A water elemental comes into view.
You are restored by drawing out deep reserves of power within.
You feel drained.
The deep elf high priest begins to pray, but is stunned by your conviction!
The deep elf knight casts a spell at you.
You block the shard of ice.
The deep elf high priest begins to pray, but is stunned by your conviction!
The deep elf archer shoots an arrow.
The arrow hits you!
* * * LOW HITPOINT WARNING * * *
You focus your inner power and blind the deep elf archer in retribution!
Okay, then.
The deep elf high priest attacks as you move away!
You block the deep elf high priest's attack.
The deep elf knight seems less brilliant.
You block the deep elf knight's attack.
You bludgeon the deep elf knight!!
Your weapon exudes an aura of protection.
You kill the deep elf knight!
The deep elf high priest calls down the wrath of its god upon you.
The sphere of damnation explodes!
The damnation engulfs you!!
* * * LOW HITPOINT WARNING * * *
The deep elf pyromancer mumbles some strange words.
The deep elf pyromancer blinks!
The deep elf high priest mumbles some strange prayers to its god against you.
Something smites you!
* * * LOW HITPOINT WARNING * * *
The deep elf archer shoots an arrow.
The arrow hits you!
You die...

##...# #... #...## #..#
.. ...## #..# .
...##### #..# .
...#...## #.)# .#
.♣[#.)..######..# #.#
...#...))))e)...####e.#
...#....)###...)))eeE#
...###...#
#)#.#@#.#.####
#....###.#
#.#.#.#.#....##
##.....#.#
#...........e'e
###..♣...#
#######§...e.'.
#.###..### ##.....##
##..#'## #.....#
##....# ...... ##..##
..(... #### ....#.


You could see a deep elf archer (repels missiles, blind), 2 deep elf high
priests, a water elemental and a deep elf pyromancer (empowered).

Vanquished Creatures
  Rupert (Orc:2)
  Roxanne (D:15)
  Louise (D:15)
  A deep elf sorcerer (Elf:1)
  2 deep elf annihilators (Elf:1)
  Azrael (D:15)
  Snorg (D:13)
  Fannar (Lair:1)
  Josephine (D:9)
  Erolcha (D:10)
  11 hydras
  2 ghost crabs (Lair:3)
  4 ogre magi
  6 boulder beetles
  10 centaur warriors
  17 two-headed ogres
  A dancing weapon (Elf:1)
  Urug (D:10)
  4 tengu warriors
  9 death yaks
  A shock serpent (Snake:1)
  7 deep elf knights (Elf:1)
  Nergalle (D:9)
  3 skeletal warriors (D:12)
  2 goliath frogs (Lair:5)
  2 spectral hydras (Lair:3)
  A deep troll (D:15)
  2 wizards
  2 deep elf archers (Elf:1)
  A necromancer (D:15)
  8 deep elf pyromancers
  An orc knight (D:15)
  A harpy (D:14)
  15 deep elf zephyrmancers (Elf:1)
  3 manticores
  21 ugly things
  2 cyclopes
  16 elephants
  6 slime creatures
  5 black mambas
  2 gargoyles
  A smoke demon (Abyss:1)
  A torpor snail (Lair:3)
  19 cane toads
  A kobold demonologist (D:9)
  4 rime drakes
  3 unseen horrors
  A komodo dragon (shapeshifter) (D:15)
  2 yaktaurs
  8 komodo dragons
  2 tengu conjurers
  8 trolls
  2 meliai (Lair:4)
  A queen bee (Lair:4)
  3 tyrant leeches (Lair:5)
  23 blink frogs
  A hornet (D:7)
  6 polar bears
  4 dream sheep (Lair:5)
  2 shadows
  7 basilisks
  42 yaks
  4 wyverns
  4 wraiths
  3 fire elementals
  Grum (Lair:1)
  Eustachio (D:4)
  3 steam dragons
  17 vampire mosquitoes
  Edmund (D:4)
  2 nagas (Lair:2)
  A two-headed ogre zombie (D:10)
  A warg (Orc:2)
  2 hell hounds (D:15)
  4 acid dragons
  12 water moccasins
  A sky beast (shapeshifter) (D:15)
  A spectral polar bear (Lair:3)
  A meliai simulacrum (D:14)
  16 orc warriors
  3 ice beasts (D:8)
  A spectral blink frog (Lair:3)
  A black bear (D:6)
  26 ogres
  12 centaurs
  8 wolves
  3 phantoms
  7 kobold brigands
  Blork the orc (D:5)
  17 bullfrogs
  5 gnoll sergeants
  4 wights (D:9)
  14 killer bees (Lair:4)
  5 troll zombies (D:10)
  3 electric eels
  5 howler monkeys
  4 hounds
  A jelly (D:5)
  2 gnoll boudas
  12 orc priests
  Jessica (D:2)
  5 iguanas
  17 orc wizards
  2 ogre zombies (D:10)
  A boggart simulacrum (D:15)
  25 gnolls
  7 adders
  8 river rats (D:9)
  3 shadow imps
  2 ufetubi
  4 worms
  A dart slug (D:3)
  59 orcs
  6 ball pythons
  7 endoplasms
  4 giant cockroaches
  9 goblins
  8 hobgoblins
  5 jackals
  4 quokkas
  8 bats
  4 frilled lizards
  A goblin skeleton (D:10)
  4 goblin zombies (D:10)
  A hobgoblin skeleton (D:10)
  2 hobgoblin zombies (D:10)
  19 kobolds
  3 orc skeletons (D:10)
  13 orc zombies (D:10)
  24 rats
  A fire vortex (Lair:4)
786 creatures vanquished.

Vanquished Creatures (others)
  2 hydras
  A centaur warrior (D:13)
  A skeletal warrior (D:12)
  A spectral death yak (Lair:3)
  An elephant (Lair:3)
  2 komodo dragons (Lair:5)
  A cane toad (Lair:1)
  An unseen horror (D:13)
  A meliai (Lair:4)
  3 blink frogs
  A slime creature (D:13)
  A basilisk (Lair:3)
  An orc warrior (Orc:1)
  2 ogres (Orc:2)
  2 killer bees (Lair:4)
  An orc priest (Orc:2)
  2 orc wizards
  An orc (D:15)
  An orc zombie (D:10)
  A bush (Lair:5)
  38 fungi
  126 plants
191 creatures vanquished.

Grand Total: 977 creatures vanquished

Notes
Turn   | Place    | Note
-------+----------+-------------------------------------------
     0 | D:1      | Rrauwl the Gargoyle Fighter began the quest for the Orb.
     0 | D:1      | Reached XP level 1. HP: 14/14 MP: 1/1
   140 | D:1      | Reached XP level 2. HP: 19/19 MP: 2/2
   235 | D:1      | Found a faded altar of an unknown god.
   414 | D:1      | Reached XP level 3. HP: 23/23 MP: 3/3
   416 | D:1      | Found Gorups Jeah's Antique Weapon Shop.
   694 | D:1      | Found Buadooc's Antique Weapon Boutique.
  1302 | D:2      | Learned a level 2 spell: Passwall
  1439 | D:2      | Reached XP level 4. HP: 27/29 MP: 2/4
  1757 | D:3      | Noticed Jessica
  1852 | D:2      | Killed Jessica
  1853 | D:2      | Reached skill level 4 in Fighting
  2182 | D:3      | Found a glowing golden altar of the Shining One.
  2241 | D:3      | Identified the +4 mace of Bodily Harmony {venom, rPois
                  | Int+4}
  2402 | D:3      | Reached XP level 5. HP: 33/33 MP: 5/5
  2494 | D:4      | Reached skill level 1 in Ranged Weapons
  2658 | D:4      | Found a shadowy altar of Dithmenos.
  2658 | D:4      | Found a hazy altar of Hepliaklqana.
  2662 | D:4      | Noticed a shadow
  2714 | D:4      | Noticed a centaur
  2722 | D:4      | Killed a centaur
  2723 | D:4      | Reached XP level 6. HP: 38/38 MP: 4/6
  2814 | D:4      | Noticed Edmund
  2832 | D:4      | Killed Edmund
  2833 | D:4      | Reached skill level 5 in Armour
  2833 | D:4      | Reached skill level 5 in Shields
  2833 | D:4      | Reached XP level 7. HP: 38/43 MP: 3/7
  3021 | D:4      | Noticed Eustachio
  3036 | D:4      | Killed Eustachio
  3280 | D:5      | Entered Level 5 of the Dungeon
  3410 | D:5      | Reached skill level 5 in Maces & Flails
  3435 | D:5      | Reached XP level 8. HP: 48/48 MP: 8/8
  3792 | D:5      | Reached skill level 5 in Ranged Weapons
  4254 | D:5      | Noticed Blork the orc
  4267 | D:5      | Killed Blork the orc
  4461 | D:5      | Found a shimmering altar of Xom.
  4462 | D:5      | Found a burning altar of Makhleb.
  4463 | D:5      | Found a sacrificial altar of Ru.
  4463 | D:5      | Found a hide-covered altar of Uskayaw.
  4472 | D:5      | Became a worshipper of Ru the Awakened
  4807 | D:6      | Found a staircase to the Ecumenical Temple.
  4813 | Temple   | Entered the Ecumenical Temple
  5235 | D:6      | Reached XP level 9. HP: 52/52 MP: 9/9
  5746 | D:7      | Found Naazesche's Jewellery Shoppe.
  5759 | D:7      | Bought a ring of see invisible for 210 gold pieces
  6055 | D:7      | Reached skill level 5 in Fighting
  6137 | D:7      | Found a snail-covered altar of Cheibriados.
  6204 | D:7      | Found Syce Uhinka's Jewellery Boutique.
  6205 | D:7      | Found Myluble's Weapon Emporium.
  6208 | D:7      | Found Nyapo's Antique Armour Emporium.
  6208 | D:7      | Found Dyfoxze's Magic Scroll Boutique.
  6222 | D:7      | Noticed a hornet
  6273 | D:7      | Killed a hornet
  6298 | D:7      | Gained mutation: You cannot be stealthy. [Ru sacrifice]
  6307 | D:7      | Bought a scroll of brand weapon for 114 gold pieces
  6331 | D:7      | Identified a scroll of acquirement
  6332 | D:7      | Acquired the ring of the Pariah {rElec rN+ rCorr MP+9
                  | Stlth-}
  7080 | D:8      | Noticed a death yak
  7081 | D:8      | Gained mutation: You are robust. (+10% HP) [potion of
                  | mutation]
  7081 | D:8      | Noticed a death yak
  7082 | D:8      | Noticed a death yak
  7312 | D:8      | Noticed a centaur warrior
  7312 | D:8      | Noticed a boulder beetle
  7332 | D:8      | Killed a centaur warrior
  7333 | D:8      | Reached XP level 10. HP: 41/64 MP: 10/10
  7366 | D:8      | HP: 1/64 [boulder beetle (12)]
  7368 | D:8      | Killed a boulder beetle
  7580 | D:8      | Noticed a gargoyle
  7594 | D:8      | Killed a gargoyle
  7595 | D:8      | Reached skill level 10 in Maces & Flails
  7668 | D:8      | Noticed a seven-headed hydra
  7950 | D:8      | Noticed a death yak
  7981 | D:8      | Killed a death yak
  7982 | D:8      | Reached skill level 10 in Ranged Weapons
  8170 | D:8      | Noticed a green ugly thing
  8195 | D:8      | Killed a green ugly thing
  8222 | D:8      | Found a staircase to the Lair.
  8225 | D:8      | Noticed a death yak
  8225 | D:8      | Noticed a death yak
  8239 | D:8      | Killed a death yak
  8240 | D:8      | Reached XP level 11. HP: 65/69 MP: 11/11
  8240 | D:8      | Noticed a death yak
  8240 | D:8      | Noticed a death yak
  8244 | D:8      | Killed a death yak
  8250 | D:8      | Killed a death yak
  8267 | D:8      | Killed a death yak
  8581 | D:9      | Identified the +5 plate armour of the Guild-Master {+Blink
                  | rN+ Int+6}
  8784 | D:9      | Found Faiwoluz's One-of-a-Kind Rings.
  9017 | D:9      | Noticed a two-headed ogre
  9025 | D:9      | Killed a two-headed ogre
  9345 | D:9      | Killed a seven-headed hydra
  9618 | D:8      | Gained mutation: You cannot train Dodging skill. [Ru
                  | sacrifice]
  9618 | D:8      | Reached * piety under Ru
  9618 | D:8      | Reached ** piety under Ru
 10059 | D:10     | Entered Level 10 of the Dungeon
 10059 | D:10     | Noticed Josephine
 10196 | D:10     | Noticed Nergalle
 10239 | D:9      | Killed Nergalle
 10293 | D:9      | Killed Josephine
 10294 | D:9      | Reached skill level 1 in Evocations
 10294 | D:9      | Reached XP level 12. HP: 67/74 MP: 12/12
 10544 | D:10     | Noticed a boulder beetle
 10547 | D:10     | Noticed a centaur warrior
 10550 | D:10     | Noticed a centaur warrior
 10559 | D:10     | Killed a boulder beetle
 10566 | D:10     | Killed a centaur warrior
 10576 | D:10     | Killed a centaur warrior
 10743 | D:10     | Found a staircase to the Orcish Mines.
 10856 | D:10     | Noticed Erolcha
 10856 | Abyss:1  | Cast into level 1 of the Abyss (Erolcha)
 10950 | D:10     | Escaped the Abyss
 10958 | D:10     | Killed Erolcha
 11023 | D:10     | Noticed Urug
 11061 | D:10     | Killed Urug
 11075 | D:10     | Gained mutation: You cannot train Armour skill. [Ru
                  | sacrifice]
 11075 | D:10     | Reached *** piety under Ru
 11075 | D:10     | Reached **** piety under Ru
 11418 | Lair:1   | Entered Level 1 of the Lair of Beasts
 11512 | Lair:1   | You fall into a shaft and drop 1 floor!
 11593 | Lair:2   | Noticed a four-headed hydra
 11601 | Lair:2   | Killed a four-headed hydra
 11940 | Lair:2   | Found a staircase to the Snake Pit.
 12139 | Lair:2   | Noticed a six-headed hydra
 12144 | Lair:2   | Killed a six-headed hydra
 12479 | Lair:1   | Reached XP level 13. HP: 78/81 MP: 13/13
 12574 | Lair:1   | Reached skill level 6 in Fighting
 12646 | Lair:1   | Learned a level 3 spell: Swiftness
 12650 | Lair:1   | Learned a level 3 spell: Teleport Other
 12680 | Lair:1   | Noticed Fannar
 12697 | Lair:1   | Killed Fannar
 12844 | Lair:1   | Noticed Grum
 12854 | Lair:1   | Killed Grum
 13557 | Lair:3   | Reached skill level 5 in Evocations
 13703 | Lair:3   | Reached skill level 7 in Fighting
 13722 | Lair:3   | Gained mutation: You cannot study or use magical devices.
                  | [Ru sacrifice]
 13722 | Lair:3   | Reached ***** piety under Ru
 13722 | Lair:3   | Reached ****** piety under Ru
 13931 | Lair:3   | Reached skill level 8 in Fighting
 14304 | Lair:3   | Reached skill level 9 in Fighting
 14354 | Lair:3   | Found a staircase to the Swamp.
 14723 | Lair:3   | Reached skill level 10 in Fighting
 15086 | Lair:4   | Reached skill level 11 in Fighting
 15407 | Lair:4   | Found a staircase to the Slime Pits.
 15408 | Lair:4   | Found a viscous altar of Jiyva.
 15444 | Lair:4   | Gained mutation: Your large and strong wings let you fly.
                  | [Gargoyle growth]
 15444 | Lair:4   | Reached XP level 14. HP: 99/99 MP: 14/14
 15682 | Lair:4   | Reached skill level 12 in Fighting
 15798 | Lair:4   | Found the dreamshard necklace {*Dream Drain}
 15853 | Lair:4   | Reached skill level 13 in Fighting
 16716 | Lair:5   | Entered Level 5 of the Lair of Beasts
 16884 | Lair:5   | Reached skill level 14 in Fighting
 17155 | Lair:5   | Reached skill level 15 in Fighting
 17739 | Lair:5   | Identified the +3 long sword of the Gnashing Goat {heavy,
                  | Fly}
 17799 | Lair:5   | Reached skill level 16 in Fighting
 17900 | Lair:5   | Reached XP level 15. HP: 112/114 MP: 15/15
 18969 | D:11     | Reached skill level 17 in Fighting
 20814 | D:13     | Noticed Snorg
 20823 | D:13     | Killed Snorg
 20824 | D:13     | Reached skill level 18 in Fighting
 21132 | D:13     | Found Man Sou's Armour Shop.
 21165 | D:13     | Bought a +0 tower shield for 81 gold pieces
 21757 | D:14     | Found a gate to the Vaults.
 21884 | D:14     | Found a runed translucent gate.
 21884 | D:14     | Found a runed translucent gate.
 22365 | D:14     | Identified the +0 pair of boots of Gus Hiokke {Str+7 Dex+2
                  | SInv}
 22800 | D:14     | Found an ancient bone altar of Kikubaaqudgha.
 22800 | D:14     | Noticed a lich
 22800 | D:14     | Noticed a lich
 22801 | D:14     | Found a runed translucent gate.
 22801 | D:14     | Noticed a lich
 22801 | D:14     | Noticed a lich
 22801 | D:14     | Noticed Fiank's ghost (journeyman DsBe)
 23027 | D:15     | Entered Level 15 of the Dungeon
 23218 | D:15     | Noticed Roxanne
 23303 | D:15     | Killed Roxanne
 23464 | D:15     | Found a staircase to the Depths.
 23549 | D:15     | Reached skill level 19 in Fighting
 23595 | D:15     | Noticed Azrael
 23613 | D:15     | Killed Azrael
 23614 | D:15     | Reached skill level 10 in Shields
 23630 | D:15     | Reached XP level 16. HP: 82/127 MP: 16/16
 23899 | D:15     | Noticed Louise
 23910 | D:15     | Killed Louise
 24657 | D:15     | Found a portal to a secret trove of treasure.
 25037 | Orc:1    | Entered Level 1 of the Orcish Mines
 25037 | Orc:1    | Found Dathray's Magic Scroll Shop.
 25198 | Orc:1    | Found a runed translucent door.
 25390 | Orc:2    | Entered Level 2 of the Orcish Mines
 26487 | Orc:2    | Paralysed by an ogre mage for 2 turns
 26587 | Orc:2    | Found Feock's Armour Shop.
 26587 | Orc:2    | Found Coecaisy's Antique Weapon Emporium.
 26587 | Orc:2    | Found Sow Luiggoe's Assorted Antiques.
 26587 | Orc:2    | Found Neyviet's Book Shop.
 26600 | Orc:2    | Bought the +3 pair of gauntlets of War {Slay+5} for 570
                  | gold pieces
 26600 | Orc:2    | Found the +3 pair of gauntlets of War {Slay+5}
 26628 | Orc:2    | Noticed Rupert
 26964 | Orc:2    | Killed Rupert
 27046 | Orc:2    | Found a staircase to the Elven Halls.
 27244 | Snake:1  | Entered Level 1 of the Snake Pit
 27267 | Snake:1  | Noticed Donald
 27392 | Elf:1    | Entered Level 1 of the Elven Halls
 27653 | Elf:1    | Reached skill level 15 in Shields
 28009 | Elf:1    | Reached XP level 17. HP: 60/134 MP: 15/17
 28065 | Elf:1    | HP: 1/134 [deep elf knight/shard of ice (34)]
 28069 | Elf:1    | Shot with an arrow by a deep elf archer

Illustrated notes

Levels and vault maps discovered:
D:1:      dpeg_arrival_ratfight, layout_basic, serial_shops,
          nicolae_diamond_shop, nicolae_shop_window_shopping,
          basic_ecumenical_altar
D:2:      layout_basic, serial_bayou_lagoon_a, hangedman_abyss_or_decor_stabs,
          minmay_quadrilaterals
D:3:      layout_basic, general_overflow_altar, serial_corexii_hall,
          chequers_hall_statues_y, chequers_hall_statues_y,
          corexii_hall_statues_x, corexii_hall_statues_l, due_unseen_surprise,
          uniq_jessica
D:4:      layout_basic, riverfiend_overflow_shadow_ancestor, kennysheep_boxes,
          uniq_edmund, uniq_eustachio
D:5:      layout_cave_pods, minitemple, serial_column_ruins, column_ruins_hut,
          column_ruins_hut, column_ruins_grid_1, column_ruins_open_tiny,
          column_ruins_grid_1, column_ruins_grid_1,
          column_ruins_corridor_straight, column_ruins_columns_corner,
          column_ruins_open_tiny_water, minmay_misc_feat_enclosed,
          uniq_blork_the_orc
D:6:      layout_basic, minmay_temple_entry_fiery
D:7:      layout_basic, cheibrodos_worm_habitat, serial_shops, shop,
          nicolae_wooded_promenade
D:8:      layout_rooms, dpeg_lair_monsters, enter_bailey_8,
          minmay_shattered_shrine
D:9:      layout_rooms, serial_rivers, chequers_serial_rivers_small_a,
          chequers_serial_rivers_small_3, chequers_serial_rivers_small_3,
          chequers_serial_rivers_marsh, chequers_serial_rivers_small_b,
          nicolae_shop_unique_rings, dk_rats_in_the_wall
D:10:     minmay_cornered_nines, layout_cave_pools, zombieorc2_lemuel,
          uniq_erolcha, uniq_josephine, uniq_nergalle, uniq_urug
D:11:     layout_loops_ring
D:12:     layout_irregular_city
D:13:     layout_cave_pods, serial_shops, shop, uniq_snorg
D:14:     minmay_wavy_crystal, layout_loops_ring, david_vaults_1,
          minmay_stone_trees_medium, gauntlet_entry_generic,
          gammafunk_ghost_crypt
D:15:     hangedman_depths_entry_civil_slaughter, layout_basic, hex_medium,
          nicolae_trove_entry_columns, uniq_roxanne, uniq_azrael, uniq_louise
Temple:   zaba_magenta_temple
Lair:1:   layout_small_grid, lemuel_fruit_fields, infiniplex_staircase_pool_2,
          serial_bayou_shore_b, uniq_grum, uniq_fannar
Lair:2:   layout_roguey, guppyfry_snake_entry_island, serial_bayou_shore_a
Lair:3:   layout_hall_layers, nicolae_swamp_entry_spooky,
          pdpol_lair_cavern_descent, grunt_megastairs_5, serial_bayou_shore_b
Lair:4:   layout_gridlike, slime_entry_1, special_room [special_room_bee],
          lemuel_fruit_tree
Lair:5:   minmay_lair_end_frog_pond, layout_cave_pods,
          portal_ice_cave_entry_pillars_2, nicolae_lair_grove_arrangements
Snake:1:  layout_cave_pods, basic_altar, nicolae_snake_salamander_stairs,
          nicolae_triple_integral, serial_bayou_shore_b, serial_bayou_shore_b,
          minmay_shop_grove, uniq_donald
Orc:1:    layout_caves, serial_shops, shop_fountains, basic_altar,
          lightli_church_of_beogh
Orc:2:    st_orc_ogre_mass, layout_caves, uniq_rupert
Elf:1:    layout_gridlike, hangedman_elf_represent, grunt_megastairs_4

Skill      XL: |  1  2  3  4  5  6  7  8  9 10 11 12 13 14 15 16 17 |
---------------+----------------------------------------------------+-----
Fighting       | 4 5 11 16 19 | 19.0
Armour         | 4 5 0 |  0.0
Shields        | 4 5 8 10 15 16 | 16.2
Maces & Flails | 3 4 5 7 9 11 12 14 | 14.0
Ranged Weapons | 1 2 4 6 8 10 12 14 | 14.0
Evocations     | 1 3 0 |  0.0

Action                   |  1- 3 |  4- 6 |  7- 9 | 10-12 | 13-15 | 16-18 || total
-------------------------+-------+-------+-------+-------+-------+-------++-------
Melee: Flail             |   122 |    33 |       |   628 |  1526 |   595 ||  2904
       Mace              |       |    59 |   202 |    39 |       |       ||   300
 Fire: Sling             |       |    43 |   179 |       |       |       ||   222
Throw: Throwing net      |       |       |       |     1 |       |       ||     1
Invok: Sacrifice Stealth |       |       |     1 |       |       |       ||     1
       Sacrifice Nimblen |       |       |       |     1 |       |       ||     1
       Sacrifice Durabil |       |       |       |     1 |       |       ||     1
       Sacrifice Artific |       |       |       |       |     1 |       ||     1
       Draw Out Power    |       |       |       |       |       |     1 ||     1
Evoke: Wand              |       |       |     2 |     6 |     3 |       ||    11
       Tin of tremorston |       |       |       |     2 |       |       ||     2
  Use: Potion            |     4 |     1 |     3 |     4 |     1 |     4 ||    17
       Scroll            |       |    12 |     9 |    11 |     4 |     1 ||    37
 Stab: Invisible         |       |       |       |     3 |     9 |     7 ||    19
       Held in net/web   |       |       |       |     1 |       |       ||     1
       Distracted        |       |       |       |     2 |     8 |     3 ||    13
       Paralysed         |       |       |       |       |     3 |     3 ||     6
       Confused          |       |       |       |       |       |     2 ||     2
Armor: Scale mail        |    63 |    66 |    55 |       |       |       ||   184
       Chain mail        |       |       |   128 |    80 |       |       ||   208
       Plate armour      |       |       |       |   308 |  1065 |   258 ||  1631
Dodge: Dodged            |    61 |    55 |   104 |   165 |   346 |    63 ||   794
Block: Buckler           |    23 |    18 |    79 |   137 |   262 |       ||   519
       Tower shield      |       |       |       |       |   218 |   433 ||   651

Table legend: (Time is in decaauts)
 A = Elapsed time spent in this place.
 B = Non-inter-level travel time spent in this place.
 C = Inter-level travel time spent in this place.
 D = Time resting spent in this place.
 E = Time spent auto-exploring this place.
 F = Levels seen in this place.
 G = Mean time per level.
                   A        B        C        D        E       F      G
               +--------+--------+--------+--------+--------+-----+--------+
         Total |  27795 |  26331 |   1464 |    262 |  19691 |  26 | 1069.0 |
       Dungeon |  17647 |  16823 |    824 |    215 |  12500 |  15 | 1176.5 |
        Temple |     80 |     61 |     19 |      0 |     47 |   1 |   80.0 |
          Lair |   7175 |   6688 |    487 |     23 |   5123 |   5 | 1435.0 |
     Snake Pit |     31 |     31 |      0 |      0 |     13 |   1 |   31.0 |
  Orcish Mines |   2106 |   1975 |    131 |      0 |   1546 |   2 | 1053.0 |
   Elven Halls |    662 |    661 |      1 |     24 |    383 |   1 |  662.0 |
         Abyss |     92 |     92 |      0 |      0 |     79 |   1 |   92.0 |
               +--------+--------+--------+--------+--------+-----+--------+

Top non-repeatable levels by time:
    D:15: 1898 daAuts
  Lair:4: 1805 daAuts
     D:8: 1801 daAuts
  Lair:5: 1792 daAuts
  Lair:3: 1603 daAuts
     D:7: 1579 daAuts
    D:14: 1368 daAuts
     D:9: 1355 daAuts
   Orc:1: 1272 daAuts
     D:6: 1159 daAuts
    D:13: 1112 daAuts
    D:10: 1100 daAuts
     D:5: 1073 daAuts
     D:2: 1066 daAuts
  Lair:2: 1056 daAuts
